[Event "Cracovia Festival-A 2023"]
[Site "Krakow"]
[Date "2023.12.29"]
[Round "3.23"]
[White "Luczak, Filip"]
[Black "Eke, Salih"]
[Result "0-1"]
[ECO "A00"]
[WhiteElo "2319"]
[BlackElo "2217"]
[Annotator "ChessBase"]
[PlyCount "72"]
[EventDate "2023.12.24"]
[EventType "swiss"]
[EventCountry "POL"]
[SourceTitle "playchess.com"]
[Source "ChessBase"]
[SourceQuality "1"]
[TimeControl "40/5400+30:1800+30"]

1. Nc3 d5 2. e4 dxe4 3. Nxe4 e5 4. Nf3 Nf6 5. Qe2 Nc6 6. Nxf6+ Qxf6 7. d4 Bd6 8. dxe5 Nxe5 9. Bg5 Qf5 10. Nxe5 Qxg5 11. Ng6+ Be6 12. Nxh8 O-O-O 13. g3 Re8 14. Bh3 Kd7 15. O-O Bxh3 16. Qf3 Rxh8 17. Rfe1 Kc8 18. Qxf7 Bd7 19. Rad1 Rf8 20. Qc4 Bc5 21. Rxd7 Kxd7 22. Qe6+ Kd8 23. Re5 Qc1+ 24. Kg2 Rxf2+ 25. Kh3 Qf1+ 26. Kg4 h5+ 27. Kg5 Qc1+ 28. Kxh5 Rxh2+ 29. Kg4 Qd1+ 30. Kf4 Qf1+ 31. Ke4 Qg2+ 32. Kf4 Qf1+ 33. Ke4 Re2+ 34. Kd5 Rxe5+ 35. Qxe5 Qf8 36. Kc4 Bd6 0-1

[Event "Cracovia Festival-A 2023"]
[Site "Krakow"]
[Date "2023.12.29"]
[Round "3.24"]
[White "Suder, Jakub"]
[Black "Hryharovich, Aliaksei"]
[Result "1/2-1/2"]
[ECO "D31"]
[WhiteElo "2312"]
[BlackElo "2195"]
[Annotator "ChessBase"]
[PlyCount "87"]
[EventDate "2023.12.24"]
[EventType "swiss"]
[EventCountry "POL"]
[SourceTitle "playchess.com"]
[Source "ChessBase"]
[SourceQuality "1"]
[TimeControl "40/5400+30:1800+30"]

1. d4 d5 2. c4 e6 3. Nc3 Be7 4. cxd5 exd5 5. Bf4 c6 6. Qc2 Nf6 7. e3 Bg4 8. Nge2 Nbd7 9. f3 Bh5 10. Bg3 Bg6 11. Qd2 O-O 12. Bf2 h5 13. h3 Bd6 14. g4 Nb6 15. Nf4 Bh7 16. Be2 Re8 17. Kf1 c5 18. Nb5 Nc4 19. Bxc4 dxc4 20. Nxd6 Qxd6 21. g5 Nd7 22. Rd1 Rad8 23. Kg2 Ne5 24. Rhe1 cxd4 25. exd4 Nd3 26. Nxd3 cxd3 27. Qa5 a6 28. h4 Re2 29. Rxe2 dxe2 30. Re1 Re8 31. Qc3 Bf5 32. Qd2 Qe7 33. Bg3 Bd7 34. b3 Qe6 35. Kf2 Qd5 36. Rxe2 Rxe2+ 37. Kxe2 Bc6 38. Qc3 Qe6+ 39. Kf2 Qf5 40. Qe3 Qc2+ 41. Qe2 Qxe2+ 42. Kxe2 Kf8 43. Be5 g6 44. Bf6 1/2-1/2

[Event "Cracovia Festival-A 2023"]
[Site "Krakow"]
[Date "2023.12.29"]
[Round "3.25"]
[White "Flak, Pawel"]
[Black "Yezhel, Valiantsin"]
[Result "1/2-1/2"]
[ECO "A80"]
[WhiteElo "2145"]
[BlackElo "2311"]
[Annotator "ChessBase"]
[PlyCount "96"]
[EventDate "2023.12.24"]
[EventType "swiss"]
[EventCountry "POL"]
[SourceTitle "playchess.com"]
[Source "ChessBase"]
[SourceQuality "1"]
[TimeControl "40/5400+30:1800+30"]

1. d4 f5 2. g4 fxg4 3. h3 g3 4. fxg3 d5 5. Bg2 Nf6 6. Bf4 e6 7. e3 Bd6 8. Nd2 c5 9. c3 Nc6 10. Ngf3 O-O 11. Qe2 Qe7 12. Ne5 Bxe5 13. dxe5 Nd7 14. Nf3 c4 15. O-O Nc5 16. Rad1 Bd7 17. Nd4 Be8 18. e4 Nxd4 19. Rxd4 Nxe4 20. Bxe4 dxe4 21. Qxc4 Bc6 22. Rd6 Bd5 23. Qd4 g5 24. Be3 Rxf1+ 25. Kxf1 Rf8+ 26. Ke1 Qf7 27. c4 Qf1+ 28. Kd2 Bxc4 29. Rd8 Qe2+ 30. Kc3 Bd5 31. Rxf8+ Kxf8 32. Bxg5 Qe1+ 33. Kc2 Qxg3 34. Qc5+ Kg8 35. Bf6 Qd3+ 36. Kc1 Qf1+ 37. Kd2 Bc6 38. Qe3 Kf7 39. Qg5 Qf2+ 40. Kd1 Qf1+ 41. Kc2 Qe2+ 42. Kc1 Qc4+ 43. Kb1 Qd3+ 44. Kc1 Qf1+ 45. Kc2 Qd3+ 46. Kc1 Qf1+ 47. Kc2 Qd3+ 48. Kc1 Qf1+ 1/2-1/2

[Event "Cracovia Festival-A 2023"]
[Site "Krakow"]
[Date "2023.12.29"]
[Round "3.26"]
[White "Kyc, Jerzy"]
[Black "Zdybel, Przemyslaw"]
[Result "0-1"]
[ECO "C07"]
[WhiteElo "2304"]
[BlackElo "2180"]
[Annotator "ChessBase"]
[PlyCount "102"]
[EventDate "2023.12.24"]
[EventType "swiss"]
[EventCountry "POL"]
[SourceTitle "playchess.com"]
[Source "ChessBase"]
[SourceQuality "1"]
[TimeControl "40/5400+30:1800+30"]

1. e4 e6 2. d4 d5 3. Nd2 c5 4. dxc5 Bxc5 5. Bd3 Nc6 6. Ngf3 Nf6 7. O-O Qc7 8. a3 a5 9. Qe2 h6 10. e5 Nd7 11. Re1 Be7 12. b3 Nc5 13. Bb5 O-O 14. Bb2 Na7 15. Nd4 Nxb5 16. Nxb5 Qd7 17. a4 b6 18. Qh5 Ba6 19. Nd4 Kh7 20. Rad1 Rad8 21. N2f3 Ne4 22. c4 Bb4 23. Re3 Bc5 24. cxd5 exd5 25. Ree1 Bc8 26. h3 f6 27. exf6 Rxf6 28. Bc1 Qf7 29. Qxf7 Rxf7 30. Be3 Re8 31. Nb5 Rd7 32. Bxc5 bxc5 33. Rc1 Ba6 34. Rxc5 Nxc5 35. Rxe8 Bxb5 36. axb5 Nxb3 37. Ne5 Rb7 38. h4 h5 39. Nf3 Rxb5 40. Re6 Rb8 41. Ra6 Rd8 42. Ng5+ Kg8 43. Ne6 Re8 44. Nf4 d4 45. Rb6 a4 46. Nd3 Rc8 47. Kf1 Rc3 48. Ke2 a3 49. Rb8+ Kh7 50. Nb4 d3+ 51. Nxd3 a2 0-1

[Event "Cracovia Festival-A 2023"]
[Site "Krakow"]
[Date "2023.12.29"]
[Round "3.27"]
[White "Buchenau, Frank"]
[Black "Kowalczyk, Pawel"]
[Result "1-0"]
[ECO "B01"]
[WhiteElo "2135"]
[BlackElo "2295"]
[Annotator "ChessBase"]
[PlyCount "82"]
[EventDate "2023.12.24"]
[EventType "swiss"]
[EventCountry "POL"]
[SourceTitle "playchess.com"]
[Source "ChessBase"]
[SourceQuality "1"]
[TimeControl "40/5400+30:1800+30"]

1. e4 d5 2. exd5 Nf6 3. Nf3 Nxd5 4. d4 g6 5. Bc4 Bg7 6. O-O O-O 7. Re1 Bg4 8. c3 Nc6 9. h3 Bf5 10. Nbd2 Nb6 11. Bb3 Na5 12. Bc2 Bxc2 13. Qxc2 Nac4 14. Nxc4 Nxc4 15. Qe2 Qd5 16. Qxe7 Rac8 17. b3 Nd6 18. Ba3 Rfe8 19. Qd7 Red8 20. Qg4 f5 21. Qh4 Ne4 22. Ng5 Nf6 23. Re7 Rd7 24. Rae1 h6 25. Nf7 Qxf7 26. Rxf7 Kxf7 27. Qf4 b6 28. g4 fxg4 29. hxg4 Re8 30. Rxe8 Kxe8 31. c4 g5 32. Qf5 Kd8 33. d5 Ne8 34. Qe6 a5 35. Kg2 Nd6 36. Qg8+ Ne8 37. f3 Be5 38. Bf8 Bg7 39. Bxg7 Rxg7 40. Qe6 Rh7 41. a3 Nd6 1-0

[Event "Cracovia Festival-A 2023"]
[Site "Krakow"]
[Date "2023.12.29"]
[Round "3.28"]
[White "Lukasiewicz, Krzysztof"]
[Black "Gorkiewicz, Mateusz"]
[Result "1-0"]
[ECO "D00"]
[WhiteElo "2290"]
[BlackElo "2147"]
[Annotator "ChessBase"]
[PlyCount "68"]
[EventDate "2023.12.24"]
[EventType "swiss"]
[EventCountry "POL"]
[SourceTitle "playchess.com"]
[Source "ChessBase"]
[SourceQuality "1"]
[TimeControl "40/5400+30:1800+30"]

1. d4 d5 2. Bf4 Nf6 3. e3 c5 4. Nf3 Nc6 5. Nbd2 cxd4 6. exd4 Bf5 7. c3 e6 8. Be2 Bd6 9. Bxd6 Qxd6 10. O-O h6 11. Re1 O-O 12. Nb3 Rab8 13. a4 Rfc8 14. h3 a6 15. Bd3 Bxd3 16. Qxd3 Ne4 17. Nfd2 Nxd2 18. Qxd2 b5 19. Nc5 a5 20. axb5 Rxb5 21. Nd3 Ne7 22. Re2 Rcb8 23. f4 Qd8 24. Qe1 Qc7 25. g4 Nc8 26. Rg2 Nd6 27. Qe5 Qd8 28. Rf1 Nc4 29. Qe1 Nxb2 30. Ne5 R8b7 31. g5 hxg5 32. fxg5 Nc4 33. g6 Nxe5 34. Qxe5 R5b6 1-0

[Event "Cracovia Festival-A 2023"]
[Site "Krakow"]
[Date "2023.12.29"]
[Round "3.29"]
[White "Antolak, Julia"]
[Black "Jedraszek, Pawel"]
[Result "1-0"]
[ECO "E73"]
[WhiteElo "2287"]
[BlackElo "2124"]
[Annotator "ChessBase"]
[PlyCount "63"]
[EventDate "2023.12.24"]
[EventType "swiss"]
[EventCountry "POL"]
[SourceTitle "playchess.com"]
[Source "ChessBase"]
[SourceQuality "1"]
[TimeControl "40/5400+30:1800+30"]

1. d4 Nf6 2. c4 g6 3. Nc3 Bg7 4. e4 d6 5. Be2 O-O 6. Be3 c5 7. d5 e6 8. Nf3 exd5 9. cxd5 b5 10. e5 Ng4 11. Bg5 f6 12. exf6 Bxf6 13. Bxf6 Qxf6 14. Nxb5 Na6 15. O-O Bb7 16. Qb3 Rae8 17. Bc4 Re4 18. h3 Qf4 19. Nc3 Rxc4 20. Qxb7 Nb4 21. hxg4 Qxg4 22. Rae1 Rcf4 23. Nh2 Qh5 24. Qd7 Nd3 25. Re8 Qh6 26. Qe6+ Kh8 27. Ne4 Rxe8 28. Qxe8+ Rf8 29. Qe7 Nf4 30. Ng5 Ne2+ 31. Qxe2 Qxg5 32. Qe6 1-0

[Event "Cracovia Festival-A 2023"]
[Site "Krakow"]
[Date "2023.12.29"]
[Round "3.30"]
[White "Ashwath, R.."]
[Black "Grochol, Kamil"]
[Result "1-0"]
[ECO "A06"]
[WhiteElo "2284"]
[BlackElo "2101"]
[Annotator "ChessBase"]
[PlyCount "59"]
[EventDate "2023.12.24"]
[EventType "swiss"]
[EventCountry "POL"]
[SourceTitle "playchess.com"]
[Source "ChessBase"]
[SourceQuality "1"]
[TimeControl "40/5400+30:1800+30"]

1. Nf3 d5 2. g3 Nf6 3. Bg2 e6 4. O-O Be7 5. d3 O-O 6. Bf4 c5 7. a4 Nc6 8. e4 dxe4 9. dxe4 Qxd1 10. Rxd1 Nxe4 11. Ne5 Nxe5 12. Bxe5 Bf6 13. f4 Bxe5 14. fxe5 f5 15. Bxe4 fxe4 16. a5 Kf7 17. Nc3 Ke7 18. Nxe4 Rf5 19. Nxc5 Rxe5 20. b4 Re2 21. c4 Rc2 22. Rd4 e5 23. Re1 Kf6 24. Ne4+ Kg6 25. Rd6+ Kf5 26. Rd8 a6 27. Nd6+ Ke6 28. Nxc8 Rxc4 29. Rd6+ Kf5 30. Nb6 1-0

[Event "Cracovia Festival-A 2023"]
[Site "Krakow"]
[Date "2023.12.29"]
[Round "3.31"]
[White "Ernst, Robert"]
[Black "Krzyzanowski, Patryk"]
[Result "1-0"]
[ECO "E47"]
[WhiteElo "2271"]
[BlackElo "2102"]
[Annotator "ChessBase"]
[PlyCount "65"]
[EventDate "2023.12.24"]
[EventType "swiss"]
[EventCountry "POL"]
[SourceTitle "playchess.com"]
[Source "ChessBase"]
[SourceQuality "1"]
[TimeControl "40/5400+30:1800+30"]

1. d4 Nf6 2. c4 e6 3. Nc3 Bb4 4. e3 O-O 5. Bd3 c5 6. Nge2 b6 7. d5 exd5 8. cxd5 Bb7 9. O-O Bxc3 10. Nxc3 d6 11. e4 a6 12. a4 Nbd7 13. Bg5 Qc7 14. b3 Rfe8 15. f4 b5 16. axb5 axb5 17. Rxa8 Bxa8 18. Bxf6 Nxf6 19. Bxb5 Rb8 20. Bc4 Qa5 21. Qd3 Qa7 22. Qe3 Ng4 23. Qe2 Nh6 24. Kh1 Re8 25. Qf3 f6 26. e5 dxe5 27. fxe5 Rxe5 28. d6+ Kh8 29. d7 Qb8 30. Rd1 Ng8 31. Qd3 Qb7 32. Rg1 Re1 33. Qd5 1-0

[Event "Cracovia Festival-A 2023"]
[Site "Krakow"]
[Date "2023.12.29"]
[Round "3.32"]
[White "Aakash Sharadchandra, Dalvi"]
[Black "Marszalek, Maciej"]
[Result "1-0"]
[ECO "E91"]
[WhiteElo "2130"]
[BlackElo "2269"]
[Annotator "ChessBase"]
[PlyCount "71"]
[EventDate "2023.12.24"]
[EventType "swiss"]
[EventCountry "POL"]
[SourceTitle "playchess.com"]
[Source "ChessBase"]
[SourceQuality "1"]
[TimeControl "40/5400+30:1800+30"]

1. d4 Nf6 2. c4 g6 3. Nc3 Bg7 4. e4 d6 5. Nf3 O-O 6. Be2 Nbd7 7. O-O e5 8. Qc2 c6 9. Rd1 Qe7 10. d5 c5 11. a3 h6 12. b4 Nh7 13. bxc5 Nxc5 14. Be3 b6 15. Bxc5 bxc5 16. Rab1 f5 17. Qa4 fxe4 18. Nxe4 Bf5 19. Nfd2 Nf6 20. Bf3 Nxe4 21. Nxe4 Rab8 22. Qc6 Bxe4 23. Bxe4 Kh7 24. Qa4 h5 25. Qc2 Qg5 26. h4 Qf6 27. Rxb8 Rxb8 28. Rd3 Qxh4 29. Bxg6+ Kg8 30. Rh3 Qd4 31. Qf5 Qf4 32. Qe6+ Kh8 33. Rxh5+ Bh6 34. g3 Qc1+ 35. Kg2 Rf8 36. Bf5 1-0

[Event "Cracovia Festival-A 2023"]
[Site "Krakow"]
[Date "2023.12.29"]
[Round "3.33"]
[White "Manko, Mariia"]
[Black "Niedbala, Bartlomiej"]
[Result "0-1"]
[ECO "A62"]
[WhiteElo "2128"]
[BlackElo "2393"]
[Annotator "ChessBase"]
[PlyCount "114"]
[EventDate "2023.12.24"]
[EventType "swiss"]
[EventCountry "POL"]
[SourceTitle "playchess.com"]
[Source "ChessBase"]
[SourceQuality "1"]
[TimeControl "40/5400+30:1800+30"]

1. d4 Nf6 2. c4 e6 3. g3 c5 4. d5 exd5 5. cxd5 d6 6. Nc3 g6 7. Bg2 Bg7 8. Nf3 O-O 9. O-O Re8 10. Bf4 h6 11. Qc1 g5 12. Be3 Bf5 13. h4 g4 14. Nd2 Kh7 15. Nc4 a6 16. a4 Bf8 17. Bf4 Qc7 18. e4 Bg6 19. Re1 Nbd7 20. Qd2 Nh5 21. Qd1 Rab8 22. a5 b5 23. axb6 Nxb6 24. Ne3 Nd7 25. Rxa6 Nxf4 26. gxf4 Rxb2 27. Qxg4 Nf6 28. Qh3 Qb7 29. Rea1 Qb4 30. h5 Nxh5 31. f5 Qxc3 32. fxg6+ fxg6 33. Qd7+ Re7 34. Qxd6 Qg7 35. Ng4 Rf7 36. Qe6 c4 37. e5 Nf4 38. Nf6+ Kh8 39. Qg4 Nd3 40. Qxc4 Nxe5 41. Qh4 g5 42. Qd4 Rxf6 43. Qxe5 Rbxf2 44. Qe8 R2f4 45. Qe3 Qc7 46. Rc6 Qg7 47. Ra7 Qg6 48. Qc3 Qb1+ 49. Kh2 Bg7 50. Rc8+ Kh7 51. Rcc7 Kg6 52. Rxg7+ Kh5 53. Qe3 Rh4+ 54. Bh3 Qc2+ 55. Kg3 Re4 56. Qe1 Qd3+ 57. Kh2 Rxe1 0-1

[Event "Cracovia Festival-A 2023"]
[Site "Krakow"]
[Date "2023.12.29"]
[Round "3.34"]
[White "Hnatyshyn, Anastasiia"]
[Black "Turski, Bartlomiej"]
[Result "0-1"]
[ECO "B80"]
[WhiteElo "2152"]
[BlackElo "2380"]
[Annotator "ChessBase"]
[PlyCount "90"]
[EventDate "2023.12.24"]
[EventType "swiss"]
[EventCountry "POL"]
[SourceTitle "playchess.com"]
[Source "ChessBase"]
[SourceQuality "1"]
[TimeControl "40/5400+30:1800+30"]

1. e4 c5 2. Nf3 e6 3. d4 cxd4 4. Nxd4 Nf6 5. Nc3 d6 6. Bg5 h6 7. Be3 a6 8. a4 b6 9. Be2 Bb7 10. f3 Be7 11. O-O O-O 12. Qe1 Nbd7 13. Qf2 Rc8 14. Rfd1 Ne5 15. Nb3 Nfd7 16. Qf1 Qc7 17. Nd2 Nc5 18. Rac1 f5 19. f4 Nxe4 20. Ncxe4 fxe4 21. Qf2 Ng6 22. g3 e5 23. f5 d5 24. c3 Bc5 25. Nf1 Ne7 26. Bg4 a5 27. b4 Bxe3 28. Qxe3 Nxf5 29. Qd2 Rcd8 30. Qe2 Qe7 31. Ne3 Nxe3 32. Qxe3 axb4 33. Qxb6 bxc3 34. Rxc3 Kh8 35. h4 d4 36. Rc7 Qa3 37. Kg2 Qa2+ 38. Kh3 h5 39. Bxh5 Bc8+ 40. Rxc8 Rxc8 41. Qg6 Qd5 42. Qg5 Rc6 43. Rb1 e3 44. Bg4 Qe4 45. Qe7 Rcf6 0-1

[Event "Cracovia Festival-A 2023"]
[Site "Krakow"]
[Date "2023.12.29"]
[Round "3.35"]
[White "Gbiorczyk, Mikolaj"]
[Black "Dubnevych, Maksym"]
[Result "0-1"]
[ECO "B32"]
[WhiteElo "2137"]
[BlackElo "2340"]
[Annotator "ChessBase"]
[PlyCount "102"]
[EventDate "2023.12.24"]
[EventType "swiss"]
[EventCountry "POL"]
[SourceTitle "playchess.com"]
[Source "ChessBase"]
[SourceQuality "1"]
[TimeControl "40/5400+30:1800+30"]

1. e4 c5 2. Nf3 Nc6 3. d4 cxd4 4. Nxd4 e5 5. Nb5 d6 6. N1c3 a6 7. Na3 Be6 8. Nc4 Rb8 9. Nd5 Bxd5 10. exd5 Nce7 11. g3 g6 12. Bg2 Bh6 13. Bxh6 Nxh6 14. Qd2 Nhf5 15. O-O O-O 16. b4 Qc7 17. Nb2 Nd4 18. c4 b5 19. Rfc1 bxc4 20. Nxc4 Qd7 21. Rab1 Rfc8 22. h4 Qg4 23. Kh2 Nef5 24. Na5 Rxc1 25. Rxc1 Rxb4 26. Nc6 Ra4 27. Rb1 Nf3+ 28. Bxf3 Qxf3 29. Rb4 Ra3 30. Rb3 Rxb3 31. axb3 e4 32. Nd4 Qd3 33. Qxd3 exd3 34. Nf3 Ne7 35. Kg2 Nxd5 36. Nd2 f5 37. f3 f4 38. gxf4 Nxf4+ 39. Kf2 Kf7 40. Ke3 Ng2+ 41. Kxd3 Nxh4 42. Ne4 Nxf3 43. Nxd6+ Ke6 44. Ne4 Ke5 45. Nc5 a5 46. Nb7 Kf4 47. Nxa5 h5 48. b4 h4 49. b5 h3 50. b6 h2 51. b7 Ne5+ 0-1

[Event "Cracovia Festival-A 2023"]
[Site "Krakow"]
[Date "2023.12.29"]
[Round "3.36"]
[White "Pacuszka, Tomasz"]
[Black "Ongut, Tamas Gunes"]
[Result "0-1"]
[ECO "A01"]
[WhiteElo "2124"]
[BlackElo "2313"]
[Annotator "ChessBase"]
[PlyCount "106"]
[EventDate "2023.12.24"]
[EventType "swiss"]
[EventCountry "POL"]
[SourceTitle "playchess.com"]
[Source "ChessBase"]
[SourceQuality "1"]
[TimeControl "40/5400+30:1800+30"]

1. b3 e5 2. Bb2 Nc6 3. e3 a6 4. d4 exd4 5. exd4 d5 6. Nf3 Nf6 7. Bd3 Be7 8. O-O O-O 9. h3 Nb4 10. Be2 Bf5 11. Na3 Ne4 12. c3 Nc6 13. Nc2 Bf6 14. Ne3 Be6 15. Nd2 Nd6 16. Qc2 g6 17. Bf3 Ne7 18. g4 Bg7 19. Rae1 Qd7 20. c4 c6 21. c5 Nb5 22. Qd3 f5 23. Re2 fxg4 24. hxg4 g5 25. a4 Nc7 26. Ng2 Ng6 27. Rfe1 Bxg4 28. Bxg4 Qxg4 29. Qg3 Qxg3 30. fxg3 h5 31. Ne3 Ne6 32. Nc2 Nxc5 33. Ba3 Nd3 34. Rd1 Rfe8 35. Rg2 a5 36. Nf3 Nb4 37. Bxb4 g4 38. Nfe1 axb4 39. Rh2 h4 40. gxh4 g3 41. Rhd2 Nxh4 42. Rd3 Nf5 43. Rf3 Rf8 44. Ng2 Rae8 45. Rf4 Re2 46. Nge1 Ne3 47. Rxf8+ Kxf8 48. Nxe3 Rxe3 49. Nd3 Bxd4 50. Kg2 Ke7 51. Nxb4 Bc5 52. Nd3 Bd6 53. a5 c5 0-1

[Event "Cracovia Festival-A 2023"]
[Site "Krakow"]
[Date "2023.12.29"]
[Round "3.37"]
[White "Ramirez Garcia, Jorge Alberto"]
[Black "Pyrig, Roman"]
[Result "0-1"]
[ECO "A13"]
[WhiteElo "2249"]
[BlackElo "2154"]
[Annotator "ChessBase"]
[PlyCount "80"]
[EventDate "2023.12.24"]
[EventType "swiss"]
[EventCountry "POL"]
[SourceTitle "playchess.com"]
[Source "ChessBase"]
[SourceQuality "1"]
[TimeControl "40/5400+30:1800+30"]

1. Nf3 d5 2. c4 e6 3. g3 Nf6 4. Bg2 c6 5. b3 a5 6. Bb2 a4 7. O-O Nbd7 8. Qc2 Bd6 9. d4 a3 10. Bc1 Bb4 11. Ne1 Qe7 12. Nd3 Bd6 13. c5 Bc7 14. Bxa3 e5 15. dxe5 Nxe5 16. Bb2 h5 17. Nd2 Bf5 18. Rfe1 O-O-O 19. Nf3 Neg4 20. Nd4 Bg6 21. b4 Nxf2 22. b5 N6g4 23. bxc6 Bxg3 24. cxb7+ Kxb7 25. Qb3+ Kc8 26. Nc6 Bxh2+ 27. Kf1 Qh4 28. Na7+ Kd7 29. Ne5+ Ke8 30. Nxg4 Nxg4 31. Bd4 Be5 32. Qa4+ Kf8 33. e4 dxe4 34. Bg1 Rd2 35. Re2 Qf6+ 36. Ke1 Rxe2+ 37. Kxe2 Bxa1 38. c6 Qb2+ 39. Kf1 e3 40. Be4 Nh2+ 0-1

[Event "Cracovia Festival-A 2023"]
[Site "Krakow"]
[Date "2023.12.29"]
[Round "3.38"]
[White "Keinanen, Anastasia"]
[Black "Gkavardinas, Antonios"]
[Result "1-0"]
[ECO "B19"]
[WhiteElo "2227"]
[BlackElo "2141"]
[Annotator "ChessBase"]
[PlyCount "139"]
[EventDate "2023.12.24"]
[EventType "swiss"]
[EventCountry "POL"]
[SourceTitle "playchess.com"]
[Source "ChessBase"]
[SourceQuality "1"]
[TimeControl "40/5400+30:1800+30"]

1. e4 c6 2. d4 d5 3. Nc3 dxe4 4. Nxe4 Bf5 5. Ng3 Bg6 6. h4 h6 7. Nf3 Nd7 8. h5 Bh7 9. Bd3 Bxd3 10. Qxd3 e6 11. Bd2 Ngf6 12. O-O-O Be7 13. Kb1 O-O 14. Ne4 c5 15. g4 Nxg4 16. Qe2 Qb6 17. Ne5 Ndxe5 18. dxe5 f5 19. exf6 Nxf6 20. Rhg1 Nxe4 21. Qxe4 Bf6 22. b3 Rad8 23. Bxh6 Rxd1+ 24. Rxd1 Rd8 25. Rg1 Qd6 26. Bg5 Qh2 27. Qxe6+ Kh8 28. Qe1 Bc3 29. Qc1 Re8 30. Be3 Bf6 31. h6 Qe5 32. hxg7+ Bxg7 33. c3 Qxc3 34. Qxc3 Bxc3 35. Kc2 Bg7 36. Kd3 b6 37. Kc4 Re7 38. Kd5 Kh7 39. Rg4 Bc3 40. Kd6 Rf7 41. Ke6 Rf6+ 42. Kd5 Be1 43. Rf4 Rxf4 44. Bxf4 Bxf2 45. Bb8 a5 46. a4 Kg6 47. Bc7 Kf7 48. Kc6 Ke7 49. Bxb6 Be1 50. Bxc5+ Kd8 51. Kb7 Kd7 52. Bb6 Bb4 53. Ka6 Kc8 54. Bxa5 Bc5 55. Bb6 Bd6 56. Kb5 Kb7 57. Bc5 Bg3 58. Kc4 Be1 59. Bd4 Bd2 60. Bc3 Bg5 61. b4 Bh4 62. b5 Bd8 63. a5 Ka7 64. Kd5 Kb7 65. Kd6 Bh4 66. a6+ Kc8 67. Kc6 Kb8 68. Be5+ Ka8 69. b6 Bg3 70. b7+ 1-0

[Event "Cracovia Festival-A 2023"]
[Site "Krakow"]
[Date "2023.12.29"]
[Round "3.39"]
[White "Lehocz, Jozsef Jr."]
[Black "Gierulski, Kamil"]
[Result "1/2-1/2"]
[ECO "B22"]
[WhiteElo "2116"]
[BlackElo "2223"]
[Annotator "ChessBase"]
[PlyCount "85"]
[EventDate "2023.12.24"]
[EventType "swiss"]
[EventCountry "POL"]
[SourceTitle "playchess.com"]
[Source "ChessBase"]
[SourceQuality "1"]
[TimeControl "40/5400+30:1800+30"]

1. e4 c5 2. c3 Nf6 3. e5 Nd5 4. g3 d6 5. exd6 e6 6. Bg2 Bxd6 7. Nf3 Nc6 8. O-O O-O 9. d4 cxd4 10. Nxd4 Nxd4 11. Qxd4 Qc7 12. Nd2 Bd7 13. Ne4 Be5 14. Qc5 Bc6 15. f4 b6 16. Qf2 Nf6 17. Nxf6+ Bxf6 18. Be3 Rfd8 19. Rad1 h5 20. Qe2 Bxg2 21. Kxg2 Qc6+ 22. Qf3 Qb5 23. Rf2 Qc4 24. Rfd2 Qxa2 25. Qxh5 Rxd2+ 26. Rxd2 Rc8 27. Qb5 g6 28. h4 Kg7 29. Qb4 Rc4 30. Qb5 Re4 31. Qd3 Ra4 32. b4 Qb3 33. Bd4 Qd5+ 34. Qf3 Qxf3+ 35. Kxf3 Bxd4 36. Rxd4 Ra3 37. Rc4 a5 38. bxa5 bxa5 39. Rc7 Kf6 40. Kg4 a4 41. Ra7 Ra1 42. c4 a3 43. c5 1/2-1/2

[Event "Cracovia Festival-A 2023"]
[Site "Krakow"]
[Date "2023.12.29"]
[Round "3.40"]
[White "Jaskolka, Tomasz"]
[Black "Babiarz, Arkadiusz"]
[Result "0-1"]
[ECO "D26"]
[WhiteElo "2222"]
[BlackElo "2129"]
[Annotator "ChessBase"]
[PlyCount "150"]
[EventDate "2023.12.24"]
[EventType "swiss"]
[EventCountry "POL"]
[SourceTitle "playchess.com"]
[Source "ChessBase"]
[SourceQuality "1"]
[TimeControl "40/5400+30:1800+30"]

1. d4 d5 2. c4 e6 3. Nf3 dxc4 4. e3 Nf6 5. Bxc4 a6 6. O-O c5 7. Be2 Nc6 8. dxc5 Qxd1 9. Rxd1 Bxc5 10. b3 O-O 11. Bb2 Nd5 12. Nbd2 Rd8 13. Rac1 Be7 14. Ne4 Bd7 15. Nc5 Bxc5 16. Rxc5 Be8 17. Rc4 f6 18. Nd4 Nb6 19. Rcc1 e5 20. Ne6 Rxd1+ 21. Rxd1 Bf7 22. Nc5 Rd8 23. Nxb7 Rxd1+ 24. Bxd1 Nb4 25. Nc5 Nxa2 26. Nxa6 Kf8 27. Kf1 Ke7 28. Ke1 Kd7 29. Kd2 Kc6 30. Ba3 Nd5 31. Nc5 Nac3 32. Bc2 Nb5 33. Bxh7 Nxa3 34. Ne4 Nb5 35. g4 g6 36. h4 Nd6 37. Ng3 Ne7 38. f4 Bxb3 39. h5 g5 40. fxe5 fxe5 41. Bd3 Ng8 42. Nf1 Nh6 43. Nh2 e4 44. Be2 Be6 45. Ke1 Kc5 46. Kf2 Kb4 47. Nf1 Kc3 48. Ng3 Bxg4 49. Bf1 Bf3 50. Bh3 Ndf7 51. Bc8 Ne5 52. Nf1 Bxh5 53. Ba6 Bf7 54. Bb7 Kd3 55. Ng3 Nhg4+ 56. Kg1 Bg6 57. Nf1 Nf3+ 58. Kh1 Ke2 59. Ng3+ Kxe3 60. Kg2 Nd2 61. Kh3 Ne5 62. Kg2 Kd3 63. Ba6+ Ndc4 64. Kf2 e3+ 65. Kg1 Kd2 66. Kg2 e2 67. Nxe2 Kxe2 68. Bb7 Nd6 69. Ba6+ Ke3 70. Kg3 Ne4+ 71. Kg2 Bh5 72. Bb7 Bf3+ 73. Kh2 Kf2 74. Bc8 Bg2 75. Bd7 Nf3# 0-1

[Event "Cracovia Festival-A 2023"]
[Site "Krakow"]
[Date "2023.12.29"]
[Round "3.41"]
[White "Warchol, Kamil"]
[Black "Wojdak, Jan"]
[Result "1/2-1/2"]
[ECO "B47"]
[WhiteElo "2108"]
[BlackElo "2219"]
[Annotator "ChessBase"]
[PlyCount "143"]
[EventDate "2023.12.24"]
[EventType "swiss"]
[EventCountry "POL"]
[SourceTitle "playchess.com"]
[Source "ChessBase"]
[SourceQuality "1"]
[TimeControl "40/5400+30:1800+30"]

1. e4 c5 2. Nf3 e6 3. d4 cxd4 4. Nxd4 Nc6 5. Nc3 Qc7 6. g3 a6 7. Bg2 Nf6 8. O-O d6 9. Re1 Bd7 10. Nxc6 Bxc6 11. Nd5 Qd8 12. Be3 Nd7 13. c4 Be7 14. Qd4 Bxd5 15. cxd5 e5 16. Qb4 b6 17. Rac1 Nc5 18. Qc4 a5 19. Qb5+ Kf8 20. b3 Rb8 21. a3 Qe8 22. Qxe8+ Kxe8 23. Rc3 a4 24. b4 Nb3 25. Bf1 b5 26. Rc7 Bd8 27. Rc6 Ke7 28. f4 f6 29. Bh3 h6 30. Rf1 Rf8 31. fxe5 fxe5 32. Rxf8 Kxf8 33. Rxd6 Bg5 34. Bxg5 hxg5 35. Rc6 Nd2 36. Bf5 Nc4 37. d6 Rd8 38. d7 Nxa3 39. Rc5 Nc4 40. Rxb5 a3 41. Rb7 Ke7 42. Ra7 Rb8 43. b5 Ne3 44. Rxa3 Nxf5 45. exf5 Rxb5 46. Rd3 Kd8 47. Kf2 e4 48. Rd4 Rxf5+ 49. Ke3 Rf3+ 50. Kxe4 Rf2 51. Ke5 Rxh2 52. Kf5 Rh6 53. Kxg5 Rf6 54. g4 Ra6 55. Rd5 Rb6 56. Kf5 Rf6+ 57. Ke5 Rf7 58. Ke6 Rf6+ 59. Ke5 Rf7 60. Ke4 Rxd7 61. Rxd7+ Kxd7 62. Kf5 Ke7 63. Kg6 Kf8 64. Kh7 g5 65. Kg6 Kg8 66. Kxg5 Kg7 67. Kf5 Kf7 68. g5 Kg7 69. g6 Kg8 70. Kf6 Kf8 71. g7+ Kg8 72. Kg6 1/2-1/2

[Event "Cracovia Festival-A 2023"]
[Site "Krakow"]
[Date "2023.12.29"]
[Round "3.42"]
[White "Meers, Hubert"]
[Black "Bilczewski, Kacper"]
[Result "1/2-1/2"]
[ECO "C09"]
[WhiteElo "2218"]
[BlackElo "2125"]
[Annotator "ChessBase"]
[PlyCount "45"]
[EventDate "2023.12.24"]
[EventType "swiss"]
[EventCountry "POL"]
[SourceTitle "playchess.com"]
[Source "ChessBase"]
[SourceQuality "1"]
[TimeControl "40/5400+30:1800+30"]

1. e4 e6 2. d4 d5 3. Nd2 c5 4. Ngf3 Nc6 5. exd5 exd5 6. Bb5 Bd6 7. O-O Nge7 8. dxc5 Bxc5 9. Nb3 Bd6 10. h3 O-O 11. c3 Bc7 12. Be3 Bf5 13. Bd3 Re8 14. Qc2 Bg6 15. Nbd4 a6 16. Nxc6 Nxc6 17. Bf5 Qd6 18. Bxg6 hxg6 19. Rad1 Rad8 20. Bd4 Re4 21. g3 Rde8 22. Qd3 Nxd4 23. cxd4 1/2-1/2